 Dungeon Crawl Stone Soup version 0.20.0-7-g3b7b877 (webtiles) character file.

129133 MydosGodOfBeginnings the Severer (level 16, -3/130 HPs)
             Began as a Mummy Fighter on May 29, 2017.
             Was a High Priest of Okawaru.
             Shot with an arrow by a naga sharpshooter (15 damage)
             ... led by Vashnia
             ... on level 4 of the Snake Pit.
             The game lasted 01:56:16 (31287 turns).

MydosGodOfBeginnings the Severer (Mummy Fighter)   Turns: 31287, Time: 01:56:17

Health: -3/130     AC: 26    Str: 22    XL:     16   Next: 50%
Magic:  16/18      EV:  7    Int: 13    God:    Okawaru [*****.]
Gold:   2297       SH: 20    Dex:  9    Spells: 15/15 levels left

rFire    + + .     SeeInvis .   B - +4 war axe (vamp)
rCold    + . .     Gourm    .   c - +1 shield
rNeg     + + +     Faith    .   u - +2 chain mail {rF+}
rPois    ∞         Spirit   .   f - +2 helmet
rElec    .         Reflect  +   g - +2 cloak
rCorr    +         Harm     .   S - +1 pair of gloves of Okawaru's Pride {rF+ rCorr Int+3 Dex-4}
MR       ++++.                  F - +0 pair of boots
Stlth    +.........             m - +4 amulet of reflection
Regen    0.4/turn               v - ring of Xikh {rC+ MR++}
MPRegen  0.2/turn               H - ring of the Bruised Suns {+Fly rF+ rC- Stlth+}

@: heroism, constricted
A: no food or potions, fire vulnerability, cold resistance 1, negative energy
resistance 3, torment resistance, unbreathing, in touch with death 1
a: Heroism, Finesse, Renounce Religion, Evoke Flight


You were on level 4 of the Snake Pit.
You worshipped Okawaru.
Okawaru was extremely pleased with you.
You were not hungry.

You visited 4 branches of the dungeon, and saw 27 of its levels.
You also visited: Labyrinth, Sewer, Bailey and Volcano.

You collected 2477 gold pieces.
You spent 180 gold pieces at shops.

Inventory:

Hand Weapons
 a - a +3 morningstar
 j - a +1 broad axe of flaming
 o - a +3 broad axe of chopping
 A - the +9 hand axe of Des Jeja {speed, MR+}
   (Okawaru gifted it to you on level 2 of the Orcish Mines)

   Attacks with this weapon are significantly faster.
   It affects your resistance to hostile enchantments.
 B - a +4 vampiric war axe (weapon)
 P - a +1 war axe of chopping
Armour
 c - a +1 shield (worn)
 f - a +2 helmet (worn)
 g - a +2 cloak (worn)
 q - a +3 scale mail of cold resistance
 u - a +2 chain mail of fire resistance (worn)
 F - a +0 pair of boots (worn)
 N - a +0 cloak of poison resistance
 S - the +1 pair of gloves of Okawaru's Pride (worn) {rF+ rCorr Int+3 Dex-4}
   (Okawaru gifted it to you on level 15 of the Dungeon)

   It affects your intelligence (+3).
   It affects your dexterity (-4).
   It protects you from fire.
   It protects you from acid and corrosion.
Jewellery
 b - an uncursed ring of protection from fire
 d - an uncursed ring of protection from fire
 m - a +4 amulet of reflection (around neck)
 p - an uncursed amulet of magic regeneration {unknown}
 t - an uncursed amulet of rage {unknown}
 v - the ring of Xikh (left hand) {rC+ MR++}
   (You took it off a minotaur in a labyrinth)

   [ring of protection from cold]

   It protects you from cold.
   It affects your resistance to hostile enchantments.
 w - a cursed amulet of inaccuracy {unknown}
 x - an uncursed ring of ice
 H - the ring of the Bruised Suns (right hand) {+Fly rF+ rC- Stlth+}
   (You found it on level 13 of the Dungeon)

   [ring of stealth]

   It protects you from fire.
   It makes you vulnerable to cold.
   It lets you fly.
   It makes you more stealthy.
 K - an uncursed ring of resist corrosion
Wands
 h - a wand of digging (13/24)
 i - a wand of confusion (10/48)
 n - a wand of flame (32/48)
 z - a wand of iceblast (7/15)
 C - a wand of enslavement (18/24)
 D - a wand of lightning (5/15)
 L - a wand of acid (6/15)
Scrolls
 e - 11 scrolls of enchant armour
 k - 11 scrolls of remove curse
 l - 4 scrolls of summoning
 r - a scroll of fear
 s - 7 scrolls of teleportation
 y - 12 scrolls of identify
 G - 2 scrolls of blinking
 J - 3 scrolls of amnesia
 M - a scroll of recharging
 O - 3 scrolls of magic mapping
 R - a scroll of fog {unknown}
Books
 E - a book of Debilitation

   Spells                             Type                      Level
   a - Corona                         Hexes                        1
   b - Slow                           Hexes                        2
   c - Inner Flame                    Hexes/Fire                   3
   d - Portal Projectile              Hexes/Translocation          3
   e - Cause Fear                     Hexes                        4
   f - Leda's Liquefaction            Hexes/Earth                  4
Miscellaneous
 I - a box of beasts


   Skills:
 + Level 13.0(18.0) Fighting
 - Level 15.9(21.0) Axes
 - Level 0.2(15.7) Maces & Flails
 + Level 9.7(14.7) Armour
 + Level 13.2(18.2) Shields
 + Level 3.3 Invocations
 + Level 0.4 Evocations


You had 15 spell levels left.
You didn't know any spells.

Dungeon Overview and Level Annotations

Branches:
Dungeon (15/15)            Temple (0/1) D:7            Lair (6/6) D:11
 Shoals (0/4) Lair:4        Snake (4/4) Lair:2        Slime (0/5) Lair:5
    Orc (2/2) D:11            Elf (0/3) Orc:2        Vaults (0/5) D:13
 Depths (0/5) D:15

Altars:
Ashenzari
Dithmenos
Gozag
Hepliaklqana
Okawaru
Qazlal
Ru
Sif Muna
Trog
Uskayaw
Vehumet
Xom
Yredelemnul
Zin
The Shining One
Jiyva
Lugonu

Shops:
D:5 :   D:12 (   D:14 }   Orc:1 (   Orc:2 :[*?

Portals:
Pandemonium: Orc:2

Annotations:
Lair:5 1 runed door
Snake:4 Louise, Vashnia


Innate Abilities, Weirdness & Mutations

You do not eat or drink.
Your flesh is vulnerable to fire.
You are immune to poison.
Your flesh is cold resistant. (rC+)
You are immune to negative energy. (rN+++)
You are immune to unholy pain and torment.
You can survive without breathing.
You are in touch with the powers of death.


Message History

You block the anaconda's attack. The anaconda constricts you.
Vashnia casts a spell.
Vashnia magically shoots a bolt.
You reflect the bolt off an invisible shield around you!
The naga sharpshooter shoots a bolt.
The bolt hits you!!
* * * LOW HITPOINT WARNING * * *
You block the anaconda's attack. The anaconda constricts you.
The naga sharpshooter gestures wildly while chanting.
The naga sharpshooter magically shoots an arrow.
The arrow hits you but does no damage.
Louise the Corrupted comes into view.
She is wielding a trident of freezing.
Your chain mail prevents you from hitting the black mamba.
Louise shouts!
You hit the black mamba. You closely miss the anaconda.
You block the black mamba's attack. You block the anaconda's attack.
The anaconda constricts you.
The naga sharpshooter gestures wildly while chanting.
The naga sharpshooter magically shoots an arrow.
The arrow hits you!
You die...

#..((...#
#...(...##
+...@NN..#
#.....N.N##
.....SN...#
.....SN...#
.......S..#
........SS#
........S@#
...........#
+####......#
#.....##
#.....#
#.....#
#..#### #..


You could see Vashnia, Louise, 5 naga sharpshooters, an anaconda, 2 mana vipers
and 3 black mambas.

Vanquished Creatures
  3 nagarajas
  Kirke (D:12)
  A frost giant (D:15)
  The ghost of Goblin1989 the Basher, a journeyman VSFi of Elyvilon (Orc:1)
  The ghost of mopl the Arsonist, a journeyman DEFE of Vehumet (Volcano)
  A minotaur (Lab)
  A yaktaur captain (D:13)
  Fannar (Lair:1)
  The ghost of MDvedh the Swashbuckler, a journeyman KoBe of Trog (D:12)
  Erolcha (D:10)
  Harold (Lair:1)
  3 centaur warriors
  4 naga warriors
  6 hydras
  10 anacondas
  The ghost of Feta the Blocker, a journeyman FoEE of Dithmenos (D:10)
  The ghost of stickyfingers the Nimble, a journeyman FeNe of Sif Muna (Lair:6)
  7 two-headed ogres
  6 orc high priests (Orc:2)
  4 death yaks (Lair:3)
  5 shock serpents
  A hell knight (Volcano)
  Sonja (D:10)
  A sun demon (Volcano)
  Urug (D:10)
  A naga sharpshooter (Snake:3)
  2 unseen horrors (D:11)
  3 naga ritualists
  An infernal demonspawn (Orc:2)
  A gelid demonspawn (Orc:2)
  A torturous demonspawn (Orc:2)
  A lindwurm (Lair:6)
  An obsidian statue (D:13)
  8 orc knights
  A wolf spider zombie (D:15)
  An oklob plant (Lair:4)
  A deep elf mage (D:14)
  11 ugly things
  4 salamanders
  2 mana vipers
  6 orc sorcerers (Orc:2)
  3 cyclopes
  3 manticores
  Joseph (D:10)
  27 black mambas
  9 naga magi
  A smoke demon (Orc:2)
  3 gargoyles
  10 spiny frogs
  A guardian serpent (Snake:3)
  4 kobold demonologists
  4 yaktaurs
  5 komodo dragons
  An orange demon (Orc:2)
  A rime drake (Lair:5)
  A freezing wraith (D:14)
  2 red devils
  A merfolk (D:9)
  3 meliai (D:14)
  4 trolls
  3 hornets
  10 polar bears
  6 slime creatures (D:15)
  11 blink frogs (Lair:5)
  7 hippogriffs
  6 dream sheep (Lair:5)
  2 shadows
  4 wraiths
  23 yaks
  A vampire (D:15)
  2 wyverns
  2 hogs (D:12)
  Grum (D:8)
  2 basilisks
  A hungry ghost (D:8)
  7 vampire mosquitoes (D:15)
  A neqoxec (Orc:2)
  A steam dragon (D:9)
  9 wargs
  16 nagas
  An acid dragon (D:13)
  20 water moccasins
  A soldier ant (D:10)
  6 porcupines
  17 hell hounds
  36 orc warriors
  3 sky beasts
  14 black bears
  2 ice beasts
  A phantom (D:9)
  3 boggarts (D:15)
  7 crocodiles
  17 ogres
  15 wolves
  16 centaurs
  4 big kobolds
  15 bullfrogs
  A water moccasin zombie (D:9)
  A wyvern zombie (D:13)
  A water moccasin skeleton (D:8)
  5 scorpions
  26 killer bees
  13 wights
  An electric eel (Lair:3)
  4 howler monkeys
  A bullfrog zombie (D:4)
  6 crimson imps
  5 centaur zombies
  25 orc priests
  A jelly (D:5)
  A quasit (D:13)
  3 centaur skeletons
  4 hounds
  3 bullfrog skeletons
  23 orc wizards
  4 iguanas
  10 worker ants
  Terence (D:2)
  A hound skeleton (D:9)
  A howler monkey zombie (D:8)
  2 worker ant zombies
  14 adders
  A river rat (Sewer)
  2 shadow imps
  2 oozes
  3 worms
  2 dart slugs
  3 leopard geckos
  131 orcs
  2 ball pythons
  7 bats
  6 giant cockroaches
  2 gnoll zombies (D:3)
  15 goblins
  7 hobgoblins
  17 jackals
  5 quokkas
  5 frilled lizards
  22 kobolds
  A leopard gecko skeleton (D:7)
  A leopard gecko zombie (D:5)
  13 rats
  2 fungi
  A plant (Lair:6)
893 creatures vanquished.

Vanquished Creatures (others)
  A centaur warrior (D:15)
  A naga sharpshooter (Snake:2)
  A vampire (D:14)
  An orc warrior (Orc:2)
  2 centaurs (D:15)
  An orc priest (Orc:2)
  2 kobolds (D:13)
  2 bushes (Lair:5)
  A fungus (Lair:5)
  10 plants
22 creatures vanquished.

Grand Total: 915 creatures vanquished

Notes
Turn   | Place    | Note
-------+----------+-------------------------------------------
     0 | D:1      | MydosGodOfBeginnings the Mummy Fighter began the quest for the Orb.
     0 | D:1      | Reached XP level 1. HP: 18/18 MP: 1/1
    59 | D:1      | Found an iron altar of Okawaru.
    72 | D:1      | Became a worshipper of Warmaster Okawaru
   417 | D:1      | Reached XP level 2. HP: 23/24 MP: 2/2
   831 | D:1      | Reached skill level 2 in Axes
  1242 | D:2      | Reached XP level 3. HP: 27/29 MP: 3/3
  1430 | D:2      | Noticed Terence
  1440 | D:2      | Killed Terence
  1440 | D:2      | Reached XP level 4. HP: 31/35 MP: 4/4
  1819 | D:2      | Reached skill level 3 in Axes
  1860 | D:3      | Reached XP level 5. HP: 35/41 MP: 5/5
  2042 | D:3      | Found a glowing drain.
  2069 | Sewer    | Entered a sewer
  2076 | Sewer    | Reached * piety under Okawaru
  2137 | Sewer    | Reached skill level 4 in Axes
  2137 | Sewer    | Reached XP level 6. HP: 44/47 MP: 6/6
  2160 | Sewer    | Found a white marble altar of Elyvilon.
  2731 | D:3      | Found a basalt altar of Yredelemnul.
  3308 | D:4      | Found a glowing golden altar of the Shining One.
  3711 | D:4      | Reached skill level 5 in Axes
  3711 | D:4      | Reached XP level 7. HP: 53/53 MP: 7/7
  3858 | D:4      | Found a sacrificial altar of Ru.
  3924 | D:4      | Found a shimmering altar of Xom.
  4204 | D:5      | Entered Level 5 of the Dungeon
  4305 | D:5      | Found an opulent altar of Gozag.
  4387 | D:5      | Reached ** piety under Okawaru
  4387 | D:5      | Reached skill level 6 in Axes
  4628 | D:5      | Found Moaxupan's Book Shoppe.
  4847 | D:5      | Reached XP level 8. HP: 60/60 MP: 8/8
  5587 | D:6      | Reached skill level 7 in Axes
  5716 | D:6      | Reached *** piety under Okawaru
  6312 | D:7      | Found a staircase to the Ecumenical Temple.
  6461 | D:7      | Found a bloodstained altar of Trog.
  6467 | D:7      | Found a hide-covered altar of Uskayaw.
  6467 | D:7      | Found a shimmering altar of Xom.
  6468 | D:7      | Found a shadowy altar of Dithmenos.
  6469 | D:7      | Found an iron altar of Okawaru.
  6471 | D:7      | Found a deep blue altar of Sif Muna.
  6508 | D:7      | Reached skill level 8 in Axes
  6508 | D:7      | Reached XP level 9. HP: 59/66 MP: 6/9
  6648 | D:7      | Found a glowing silver altar of Zin.
  7134 | D:8      | Noticed a two-headed ogre
  7148 | D:8      | Killed a two-headed ogre
  7148 | D:8      | Reached skill level 5 in Fighting
  7148 | D:8      | Reached skill level 9 in Axes
  7316 | D:8      | Found a radiant altar of Vehumet.
  7378 | D:8      | Reached **** piety under Okawaru
  7402 | D:8      | Noticed Grum
  7409 | D:8      | Killed Grum
  7411 | D:8      | Reached skill level 5 in Shields
  7699 | D:8      | Reached XP level 10. HP: 61/74 MP: 10/10
  7789 | D:8      | Noticed a two-headed ogre
  7795 | D:8      | Killed a two-headed ogre
  7795 | D:8      | Reached skill level 10 in Axes
  7795 | D:8      | Reached skill level 5 in Armour
  7933 | D:8      | Found a hazy altar of Hepliaklqana.
  8441 | D:9      | Found a shattered altar of Ashenzari.
  8584 | D:9      | Received a gift from Okawaru
  8702 | D:9      | Found a stormy altar of Qazlal.
  8802 | D:9      | Noticed a two-headed ogre
  8816 | D:9      | Killed a two-headed ogre
  9117 | D:9      | Reached ***** piety under Okawaru
  9117 | D:9      | Reached skill level 11 in Axes
  9442 | D:9      | Identified a scroll of acquirement
  9492 | D:10     | Entered Level 10 of the Dungeon
  9526 | D:10     | Reached XP level 11. HP: 82/82 MP: 8/11
  9541 | D:10     | Reached skill level 1 in Invocations
  9595 | D:10     | Noticed Erolcha
  9615 | D:10     | Killed Erolcha
  9853 | D:10     | Noticed Urug
  9880 | D:10     | Killed Urug
 10166 | D:10     | Found a corrupted altar of Lugonu.
 10201 | D:10     | Received a gift from Okawaru
 10201 | D:10     | Reached skill level 12 in Axes
 10307 | D:10     | Noticed a two-headed ogre
 10321 | D:10     | Killed a two-headed ogre
 10412 | D:10     | Noticed Joseph
 10433 | D:10     | Killed Joseph
 10518 | D:10     | Noticed Feta's ghost (journeyman FoEE)
 10533 | D:10     | Killed Feta's ghost
 10662 | D:10     | Noticed Sonja
 10673 | D:10     | Killed Sonja
 10876 | D:11     | Reached XP level 12. HP: 85/91 MP: 12/12
 10914 | D:11     | Found a staircase to the Lair.
 10958 | D:11     | Reached skill level 13 in Axes
 11084 | D:11     | Found a staircase to the Orcish Mines.
 11097 | D:11     | Noticed a two-headed ogre
 11139 | D:11     | Killed a two-headed ogre
 11153 | D:11     | Reached ****** piety under Okawaru
 11398 | D:11     | Received a gift from Okawaru
 12163 | Lair:1   | Entered Level 1 of the Lair of Beasts
 12236 | Lair:1   | Found a labyrinth entrance.
 12245 | Lab      | Entered a labyrinth
 12739 | Lab      | Noticed a minotaur
 12763 | Lab      | Killed a minotaur
 12765 | Lab      | Got a glittering bone ring
 12801 | Lab      | Identified the Guide on Attacks
 12808 | Lab      | Identified the ring of Xikh {rC+ MR++} (You took it off a minotaur in a labyrinth)
 13180 | Lair:1   | Received a gift from Okawaru
 13219 | Lair:1   | Noticed Fannar
 13281 | Lair:1   | Killed Fannar
 13390 | Lair:1   | Noticed Harold
 13407 | Lair:1   | Killed Harold
 14629 | Lair:2   | Received a gift from Okawaru
 14629 | Lair:2   | Reached skill level 14 in Axes
 14764 | Lair:2   | Found a staircase to the Snake Pit.
 15199 | Lair:3   | Gained mutation: You are in touch with the powers of death. [Mummy growth]
 15199 | Lair:3   | Reached XP level 13. HP: 69/99 MP: 13/13
 16230 | Lair:4   | Found a staircase to the Shoals.
 16295 | Lair:4   | Got a faintly glowing scale mail
 16306 | Lair:4   | Identified the +6 scale mail "Daokah" {*Drain Str+7} (You found it on level 4 of the Lair of Beasts)
 17031 | Lair:5   | Received a gift from Okawaru
 17034 | Lair:5   | Got a jewelled executioner's axe {god gift}
 18079 | Lair:5   | You fall through a shaft!
 18079 | Lair:6   | Entered Level 6 of the Lair of Beasts
 18126 | Lair:6   | Received a gift from Okawaru
 18317 | Lair:6   | Noticed stickyfingers's ghost (journeyman FeNe)
 18366 | Lair:6   | Killed stickyfingers's ghost
 18856 | Lair:5   | Found a runed door.
 18857 | Lair:5   | Noticed an azure jelly
 18859 | Lair:5   | Found a viscous altar of Jiyva.
 18859 | Lair:5   | Found a staircase to the Slime Pits.
 18914 | Lair:6   | Reached skill level 15 in Axes
 19470 | Lair:6   | Received a gift from Okawaru
 19489 | Lair:6   | Reached XP level 14. HP: 79/108 MP: 7/15
 19499 | Lair:6   | Received a gift from Okawaru
 20394 | Orc:1    | Entered Level 1 of the Orcish Mines
 20407 | Orc:1    | Noticed Goblin1989's ghost (journeyman VSFi)
 20418 | Orc:1    | Killed Goblin1989's ghost
 20563 | Orc:2    | Entered Level 2 of the Orcish Mines
 20597 | Orc:2    | Found a dark tunnel.
 20622 | Volcano  | Entered a volcano
 20647 | Volcano  | Noticed mopl's ghost (journeyman DEFE)
 20678 | Volcano  | Killed mopl's ghost
 21226 | Orc:2    | Found a staircase to the Elven Halls.
 21340 | Orc:1    | Found Imniblan's Antique Weapon Shoppe.
 21782 | Orc:2    | Found Tutreug's Magic Scroll Emporium.
 22001 | Orc:2    | Found Aceofun's General Store.
 22063 | Orc:2    | Received a gift from Okawaru
 22363 | Orc:2    | Received a gift from Okawaru
 22392 | Orc:2    | Got a translucent hand axe {god gift}
 22393 | Orc:2    | Identified the +9 hand axe of Des Jeja {speed, MR+} (Okawaru gifted it to you on level 2 of the Orcish Mines)
 22506 | Orc:2    | Reached skill level 10 in Shields
 22620 | Orc:2    | Reached skill level 10 in Fighting
 22813 | Orc:2    | Found Etoi's Book Shop.
 22813 | Orc:2    | Found a one-way gate leading to the halls of Pandemonium.
 22813 | Orc:2    | Found Dos Qoc's Antique Armour Boutique.
 22817 | Orc:2    | Bought a pair of embroidered gloves for 180 gold pieces
 23139 | D:12     | Noticed MDvedh's ghost (journeyman KoBe)
 23161 | D:12     | Killed MDvedh's ghost
 23169 | D:12     | Found Togaempa's Antique Weapon Boutique.
 23182 | D:12     | Noticed Kirke
 23201 | D:12     | Killed Kirke
 23830 | D:13     | Found a flagged portal.
 23873 | Bailey   | Entered a bailey
 24159 | Bailey   | Reached XP level 15. HP: 104/117 MP: 14/16
 24301 | D:13     | Got a faintly glowing tin ring
 24312 | D:13     | Identified the ring of the Bruised Suns {+Fly rF+ rC- Stlth+} (You found it on level 13 of the Dungeon)
 24367 | D:13     | Found a gate to the Vaults.
 24821 | D:14     | Received a gift from Okawaru
 25200 | D:14     | Found Efobleh's Gadget Emporium.
 25619 | D:15     | Entered Level 15 of the Dungeon
 26307 | D:15     | Received a gift from Okawaru
 26323 | D:15     | Got a pair of translucent gloves {god gift}
 26440 | D:15     | Found a staircase to the Depths.
 26440 | D:15     | Noticed a frost giant
 26464 | D:15     | Killed a frost giant
 27140 | Lair:1   | Identified the +1 pair of gloves of Okawaru's Pride {rF+ rCorr Int+3 Dex-4} (Okawaru gifted it to you on level 15 of the Dungeon)
 27197 | Snake:1  | Entered Level 1 of the Snake Pit
 27917 | Snake:2  | Noticed a nagaraja
 27944 | Snake:2  | Killed a nagaraja
 28814 | Snake:2  | Reached XP level 16. HP: 92/127 MP: 18/18
 29799 | Snake:3  | Received a gift from Okawaru
 31273 | Snake:4  | Entered Level 4 of the Snake Pit
 31274 | Snake:4  | Noticed Vashnia
 31287 | Snake:4  | Noticed Louise
 31287 | Snake:4  | Shot with an arrow by a naga sharpshooter

Skill      XL: |  1  2  3  4  5  6  7  8  9 10 11 12 13 14 15 16 |
---------------+-------------------------------------------------+-----
Axes           | 2 3 4 5 6 8 9 11 12 14 15 | 15.9
Armour         | 3 4 5 6 7 9 |  9.7
Shields        | 3 4 5 6 7 8 9 10 12 13 | 13.2
Fighting       | 4 5 6 7 8 9 10 12 13 | 13.0
Invocations    | 1 2 3 |  3.3
Maces & Flails | |  0.2
Evocations     | |  0.4

Action                   |  1- 3 |  4- 6 |  7- 9 | 10-12 | 13-15 | 16-18 || total
-------------------------+-------+-------+-------+-------+-------+-------++-------
Melee: War axe           |   129 |   200 |   346 |  1039 |  1793 |   356 ||  3863
       Broad axe         |       |       |       |       |   114 |       ||   114
       Morningstar       |       |       |       |       |    34 |       ||    34
       Hand axe          |       |       |       |       |   325 |    25 ||   350
Invok: Heroism           |       |       |     4 |    19 |    40 |    10 ||    73
       Finesse           |       |       |       |       |     6 |       ||     6
Evoke: Wand              |       |       |     1 |     7 |     6 |       ||    14
  Use: Scroll            |       |     4 |     5 |    10 |    10 |     3 ||    32
 Stab: Confused          |       |       |       |       |     2 |       ||     2
       Petrified         |       |       |       |       |     4 |       ||     4
       Petrifying        |       |       |       |       |     2 |       ||     2
Armor: Scale mail        |    59 |   101 |   158 |   393 |   315 |       ||  1026
       Chain mail        |       |       |       |       |   393 |   122 ||   515
Dodge: Dodged            |    44 |    42 |    97 |   214 |   425 |    77 ||   899
Block: Shield            |    76 |   127 |   226 |   836 |  1600 |   336 ||  3201
       Reflection        |       |       |     3 |    27 |    70 |    18 ||   118
